Cogmind - Beta 15 @@@ ROGUE MODE // 2025.05.31 @ 19:32:29 Player: laeb2 Result: Destroyed by G-67 Veteran with Plasma Rifle Performance ------------- Evolutions (6) 3000 Regions Visited (19) 3800 Robots Destroyed (263) 1315 Value Destroyed (14381) 14381 Prototype IDs (23) 460 Alien Tech Used (1) 200 Bonus (8665) 8665 TOTAL SCORE: 31821 Bonus ------- High Alert Combat Kills 3810 Follower Combat Kills 1755 Entered Garrisons 800 Used RIF Installer 2000 Met Zhirov 300 Cogmind --------- Core Integrity 0/1150 Matter 286/300 Energy 94/100 System Corruption 28% Temperature Cool (12) Movement Core (50) Location -3/Proximity Caves Parts ------- > --- POWER (3) -------- (None) > --- PROPULSION (4) --- (None) > --- UTILITY (9) ------ (None) > --- WEAPON (3) ------- (None) > --- INVENTORY (5) ---- Stasis Canceller Improved Medium Armor Plating Smartbomb Launcher Improved Plasma Cutter Peak State ------------ > --- POWER ------------ Neutrino Core Fusion Reactor Light Antimatter Reactor > --- PROPULSION ------- Improved Medium Treads Wheel Wheel Compact Wheel > --- UTILITY ---------- Huge Storage Unit Makeshift Targeting Computer Improved Target Analyzer Advanced Target Analyzer Advanced Target Analyzer Precision Matter Filter Experimental Propulsion Shielding Relay Coupler [Sentry] Improved System Guard > --- WEAPON ----------- Phase Gun Slug Cannon Heavy Gauss Cannon > --- INVENTORY -------- Advanced Cooling System Long-range Terrain Scanner Energy Filter Stasis Canceller Improved Propulsion Shielding Improved Medium Armor Plating Improved Force Field Hacking Suite Relay Coupler [Sentry] Relay Coupler [Demolisher] Relay Coupler [Specialist] Relay Coupler [Heavy] Relay Coupler [Heavy] Relay Coupler [Behemoth] Relay Coupler [Behemoth] System Restoration Module Transdimensional Reconstructor KE Penetrator Smartbomb Launcher Advanced Datajack Improved Remote Datajack Improved Plasma Cutter Power Sword Power Sword [Rating: 106] Favorites ----------- Power Neutrino Core Engine Heavy Deuterium Engine Power Core Neutrino Core Reactor Light Antimatter Reactor Propulsion Improved Heavy Treads Treads Improved Heavy Treads Leg Titanium Leg Wheel Compact Wheel Utility Huge Storage Unit Device Microactuators Storage Huge Storage Unit Processor Improved Target Analyzer Hackware Relay Coupler [Brawler] Protection Improved Light Armor Plating Weapon Power Sword Energy Gun Dispersion Rifle Energy Cannon EM Pulse Cannon Ballistic Gun Light Assault Rifle Ballistic Cannon Slug Cannon Launcher Smartbomb Launcher Special Weapon Remote Datajack Slashing Weapon Power Sword Piercing Weapon Spear Build | -11 -10 -10 -10 -9 -8 -7 -7 -7 -7 -6 -6 -6 -6 -5 -4 -4 -4 -4 -3 ------- Run | Yrd Mat Min Exi Min Mat Fac Gar Fac Gar Fac Gar Fac Gar Fac Fac Upp Upp Zhi Pro Slots Evolved 12 | . . . . . 4 2 . . . 2 . . . 2 2 . . . . Power 2 | . . . . . . . . . . 1 . . . 1 . . . . . Propulsion 2 | . . . . . 2 . . . . . . . . . . . . . . Utility 7 | . . . . . 1 2 . . . 1 . . . 1 2 . . . . Weapon 1 | . . . . . 1 . . . . . . . . . . . . . . Parts Attached 230 | 6 6 3 1 . 40 6 31 9 12 2 21 3 12 21 16 19 11 3 8 Power 33 | . 1 . 1 . 2 . 1 1 1 1 8 . 2 4 3 4 2 1 1 Engine 13 | . 1 . 1 . 2 . 1 1 . . 3 . . 2 1 1 . . . Core 11 | . . . . . . . . . 1 1 5 . 1 . . 2 1 . . Reactor 9 | . . . . . . . . . . . . . 1 2 2 1 1 1 1 Propulsion 62 | 2 2 . . . 15 2 11 1 3 . 4 . . 7 6 4 2 . 3 Treads 34 | . 2 . . . 7 2 7 1 3 . 4 . . 3 . 1 1 . 3 Leg 5 | . . . . . . . 4 . . . . . . . . 1 . . . Wheel 23 | 2 . . . . 8 . . . . . . . . 4 6 2 1 . . Hover . | . . . . . . . . . . . . . . . . . . . . Flight . | . . . . . . . . . . . . . . . . . . . . Utility 84 | 2 2 2 . . 7 4 11 6 6 1 4 3 9 8 6 6 4 2 1 Device 26 | 1 1 1 . . 2 3 2 1 4 . 1 . 1 4 3 . 1 . 1 Storage 7 | 1 1 1 . . 1 . . . . . . . . . . 2 . 1 . Processor 13 | . . . . . 1 . 1 1 1 1 1 . . 1 2 3 1 . . Hackware 20 | . . . . . 1 . 3 3 . . 2 3 6 1 . . 1 . . Protection 18 | . . . . . 2 1 5 1 1 . . . 2 2 1 1 1 1 . Artifact . | . . . . . . . . . . . . . . . . . . . . Weapon 51 | 2 1 1 . . 16 . 8 1 2 . 5 . 1 2 1 5 3 . 3 Energy Gun 7 | . . 1 . . 4 . . . . . . . . . . . 2 . . Energy Cannon 3 | . . . . . 3 . . . . . . . . . . . . . . Ballistic Gun 10 | 2 1 . . . 1 . 2 . . . 1 . . . . 2 . . 1 Ballistic Cannon 8 | . . . . . 4 . . 1 . . . . . . . 3 . . . Launcher 2 | . . . . . 1 . . . . . 1 . . . . . . . . Special Weapon 4 | . . . . . . . . . . . 1 . 1 1 . . 1 . . Impact Weapon . | . . . . . . . . . . . . . . . . . . . . Slashing Weapon 14 | . . . . . . . 6 . 2 . 2 . . 1 1 . . . 2 Piercing Weapon 3 | . . . . . 3 . . . . . . . . . . . . . . Special Melee Weapon . | . . . . . . . . . . . . . . . . . . . . Unidentified Prototypes 11 | . . . . . 4 . 1 1 . . . . . . . . . 4 1 Parts Lost 127 | . 2 3 . . 18 4 11 3 11 . 9 . 1 12 13 12 3 . 25 Power 23 | . . 1 . . 1 . 1 1 1 . 4 . . 2 4 2 2 . 4 Propulsion 38 | . 1 . . . 8 2 6 1 3 . . . . 5 4 4 . . 4 Utility 39 | . . 1 . . 2 2 4 1 5 . 3 . . 4 4 3 1 . 9 Weapon 27 | . 1 1 . . 7 . . . 2 . 2 . 1 1 1 3 . . 8 Highest Loss Streak 13 | . 2 3 . . 12 2 2 3 4 . 4 . 1 7 5 12 1 . 13 To Critical Strikes 2 | . . . . . . . . . 1 . . . . . 1 . . . . Average Backups 20 | 5 10 17 18 20 22 23 15 19 20 21 21 20 21 21 23 23 23 24 22 Power 1 | 1 1 2 1 1 2 2 1 . . . . . . 1 1 3 1 1 . Propulsion 2 | 3 4 7 8 8 8 9 3 2 2 2 2 3 3 1 1 . . . . Utility 9 | . 2 5 5 7 6 7 5 7 7 13 13 11 12 12 13 13 14 13 15 Weapon 4 | . . 2 3 3 3 3 6 9 9 5 5 5 3 2 3 2 4 6 3 Tool/Special . | . . . . . . . . . . . . . . . . . . . . Unused Backups 77 | 4 2 . . . 10 1 21 . 12 . 2 . 5 . 2 . 1 . 17 Power 8 | . . . . . 2 1 3 . 1 . . . 1 . . . . . . Propulsion 13 | 4 2 . . . 1 . 4 . 1 . 1 . . . . . . . . Utility 37 | . . . . . 3 . 7 . 5 . 1 . 4 . 1 . 1 . 15 Weapon 15 | . . . . . 4 . 6 . 5 . . . . . . . . . . Tool/Special 4 | . . . . . . . 1 . . . . . . . 1 . . . 2 Average Slot Usage (%) 87 | . 99 93 100 100 95 94 86 81 82 84 84 81 85 86 91 79 98 100 77 Engine 5 | . 14 9 14 14 8 7 6 6 3 . 3 . . 4 4 1 3 . . Core 3 | . . . . . . . . . 3 13 8 13 9 1 . 2 6 8 3 Reactor 1 | . . . . . . . . . . . . . 2 5 9 2 4 6 5 Treads 10 | . 10 14 8 . 7 3 13 14 14 13 13 13 13 8 4 . 5 5 5 Leg 1 | . . . . . . . 6 . . . . . . . . 3 1 . . Wheel 7 | . 17 14 19 28 26 23 . . . . . . . 6 11 13 12 15 9 Device 9 | . 14 12 14 14 8 17 15 4 7 6 2 . 2 7 22 9 1 5 3 Storage 7 | . 14 14 14 14 12 7 4 7 7 6 6 6 6 5 5 8 5 5 5 Processor 13 | . . . . . 2 . 4 8 17 24 25 21 18 10 10 19 30 28 24 Hackware 3 | . . . . . . . 2 4 . . 2 6 9 9 5 1 1 5 3 Protection 3 | . . . . . 2 10 6 9 3 . . . 1 3 1 2 5 1 3 Energy Gun 1 | . . 5 14 14 4 . . . . . . . . . . . 4 10 4 Ballistic Gun 2 | . 28 22 14 14 1 . . . . . . . . . . 1 . . 1 Ballistic Cannon 1 | . . . . . 2 23 . . . . . . . . . 4 9 5 5 Slashing Weapon 13 | . . . . . . . 22 23 22 20 19 20 18 16 15 5 . . . Peak Build Rating 106 | 8 9 9 9 9 36 29 79 79 80 83 88 84 87 85 90 90 101 105 106 Average Rating 64 | 5 8 8 9 9 28 27 60 76 75 81 81 79 83 75 82 64 95 101 83 On Entrance 54 | . 8 8 8 9 9 23 27 79 77 76 83 84 79 85 76 63 90 101 105 Naked Turns 2 | . . . . . . . . . . . . . . . . . . . 2 Heaviest Build 149 | 8 28 88 87 87 113 113 114 113 110 101 119 116 135 136 136 137 140 140 149 Greatest Support 150 | 32 32 16 32 32 52 40 150 150 150 150 150 150 150 150 52 46 36 36 104 Greatest Overweight (x) 28 | . 1 5 5 2 9 5 10 . 1 . . . . 10 5 5 5 3 28 Average Overweight (x) 1 | . . 3 3 2 2 3 . . . . . . . 4 3 3 3 3 3 Largest Inventory Capacity 25 | 8 15 25 25 25 25 25 25 25 25 25 25 25 25 25 25 25 25 25 25 Average Capacity 23 | 7 13 23 25 25 25 25 18 25 25 25 25 25 25 25 25 25 25 25 24 Most Carried 25 | 8 13 20 21 21 25 25 25 25 25 25 25 25 25 25 25 25 25 25 25 Average Carried 21 | 6 10 17 18 21 22 23 17 23 24 24 24 23 24 22 24 24 24 24 23 Final Capacity 25 | 8 15 25 25 25 25 25 25 25 25 25 25 25 25 25 25 25 25 25 5 Final Carried 25 | 8 13 19 21 21 24 25 25 24 25 25 25 24 25 22 25 25 25 25 5 Class Distribution -------------------- 26% | Scavenger-Gladiator 20% | Botlord-Gladiator 15% | Bothacker-Gladiator 10% | Mutant 10% | Botlord-Gunner 5% | Gladiator 3% | Scavenger-Mutant Dominant Class ---------------- Mutant | -10/Materials Mutant | -10/Mines Mutant | -10/Exiles Mutant | -9/Mines Scavenger-Gunner | -8/Materials Scavenger-Tank | -7/Factory Scavenger-Gladiator | -7/Garrison Scavenger-Gladiator | -7/Factory Scavenger-Gladiator | -7/Garrison Scavenger-Gladiator | -6/Factory Bothacker-Gladiator | -6/Garrison Bothacker-Gladiator | -6/Factory Botlord-Gladiator | -6/Garrison Botlord-Gladiator | -5/Factory Botlord-Gladiator | -4/Factory Botlord-Gladiator | -4/Upper Caves Botlord-Gunner | -4/Upper Caves Botlord-Gunner | -4/Zhirov Botlord-Gunner | -3/Proximity Caves Resources | -11 -10 -10 -10 -9 -8 -7 -7 -7 -7 -6 -6 -6 -6 -5 -4 -4 -4 -4 -3 ----------- Run | Yrd Mat Min Exi Min Mat Fac Gar Fac Gar Fac Gar Fac Gar Fac Fac Upp Upp Zhi Pro Matter Collected 5099 | 314 138 39 21 . 451 278 760 119 185 20 603 38 404 326 165 367 609 . 262 Remotely . | . . . . . . . . . . . . . . . . . . . . Salvage Created 14014 | 181 427 97 . . 1867 249 2554 380 2045 70 1490 . 501 1353 1280 349 314 . 857 Parts 651 | 11 26 1 . . 99 19 125 13 87 2 71 . 22 52 71 17 10 . 25 Haulers Intercepted 9 | . 2 . . . 4 1 . . . . . . . . 1 . . . 1 Recyclers Shooed 2 | . . . . . . . . . . . . . . . 2 . . . . Parts Field Recycled . | . . . . . . . . . . . . . . . . . . . . Retrieved Matter . | . . . . . . . . . . . . . . . . . . . . Parts Self-Destructed 66 | . . . . . . . . . . . . . . . . 12 15 . 39 Prevented . | . . . . . . . . . . . . . . . . . . . . Kills | -11 -10 -10 -10 -9 -8 -7 -7 -7 -7 -6 -6 -6 -6 -5 -4 -4 -4 -4 -3 ------- Run | Yrd Mat Min Exi Min Mat Fac Gar Fac Gar Fac Gar Fac Gar Fac Fac Upp Upp Zhi Pro Combat Hostiles Destroyed 210 | . 8 2 . . 32 9 33 5 33 1 23 . 9 21 11 10 5 . 8 Melee 138 | . . . . . 11 . 33 5 33 1 14 . 5 21 11 3 . . 1 Guns 18 | . 8 2 . . 1 . . . . . 1 . . . . . 1 . 5 Cannons 31 | . . . . . 14 9 . . . . . . . . . 2 4 . 2 AOE 20 | . . . . . 3 . . . . . 8 . 4 . . 5 . . . Classes Destroyed 21 | 3 5 . . . 7 . 3 . . . . . . 1 . 1 1 . . Worker 15 | 2 . . . . 3 . . 1 . . . . . . 9 . . . . Builder 8 | . 1 . . . 2 . . 1 . . . . . 1 3 . . . . Tunneler 5 | 4 . . . . 1 . . . . . . . . . . . . . . Hauler 9 | . 2 . . . 4 1 . . . . . . . . 1 . . . 1 Recycler 5 | 1 . . . . . . . 1 . . . . . 1 2 . . . . Minesweeper 1 | . . . . . . . . . . . . . . . . . 1 . . Mechanic 3 | . . . . . 2 . . . . . . . . . 1 . . . . Operator 2 | . . . . . 1 . . . . . . . . . 1 . . . . Watcher 3 | . 1 . . . 2 . . . . . . . . . . . . . . Swarmer 48 | . 1 . . . 4 3 6 . 9 . 14 . 5 . . 5 1 . . Cutter 7 | . . . . . . . 3 . 4 . . . . . . . . . . Saboteur 1 | . . . . . . . . . . . . . . 1 . . . . . Grunt 75 | . 7 2 . . 15 4 9 3 11 . 1 . 1 11 . 2 3 . 6 Brawler 5 | . . . . . 2 . 1 . . . 1 . . 1 . . . . . Duelist 10 | . . . . . 1 . 1 1 . . 2 . . 3 . . 1 . 1 Sentry 39 | . . . . . 8 2 10 1 4 1 4 . 3 1 3 . 1 . 1 Hunter 5 | . . . . . 1 . . . 1 . . . 1 . . 2 . . . Programmer 19 | . . . . . . . 2 . 4 . 1 . . 4 8 . . . . Heavy 1 | . . . . . 1 . . . . . . . . . . . . . . Behemoth 1 | . . . . . . . 1 . . . . . . . . . . . . Decomposer 1 | . . . . . . . . . . . . . . . . . 1 . . Mutant 1 | . . . . . . . . . . . . . . . . 1 . . . Best Kill Streak 13 | 3 3 1 . . 13 3 4 6 6 1 8 . 6 4 7 5 2 . 5 Combat Bots Only 10 | . 3 1 . . 10 3 4 3 6 1 8 . 6 4 3 5 2 . 5 Max Kills in Single Turn 4 | 1 1 1 . . 3 1 1 1 1 1 2 . 3 1 1 4 1 . 1 Gunslinging . | . . . . . . . . . . . . . . . . . . . . Exploded 4 | . . . . . 1 . . . . . 2 . 3 . . 4 . . . Melee 1 | . . . . . 1 . 1 1 1 1 1 . 1 1 1 1 . . 1 Uniques/NPCs Destroyed . | . . . . . . . . . . . . . . . . . . . . Combat | -11 -10 -10 -10 -9 -8 -7 -7 -7 -7 -6 -6 -6 -6 -5 -4 -4 -4 -4 -3 -------- Run | Yrd Mat Min Exi Min Mat Fac Gar Fac Gar Fac Gar Fac Gar Fac Fac Upp Upp Zhi Pro Hostile Shots Fired 1917 | . 63 22 . . 174 140 405 45 236 44 161 . 100 183 77 100 57 . 110 Missed 602 | . 11 6 . . 48 57 154 14 65 16 57 . 33 54 23 27 18 . 19 Hits 1315 | . 52 16 . . 126 83 251 31 171 28 104 . 67 129 54 73 39 . 91 Melee 63 | . . . . . 2 . 16 1 7 . 11 . . 7 . . . . 19 Projectile 1252 | . 52 16 . . 124 83 235 30 164 28 93 . 67 122 54 73 39 . 72 AOE 4 | . . . . . . . 1 . . . . . . 3 . . . . . Critical Strikes 60 | . . . . . 9 1 8 . 9 . 6 . 1 9 3 3 1 . 10 Part Disruptions 4 | . . . . . . . . . 2 . . . . . . 1 1 . . Damage Taken 19561 | . 582 206 . . 2481 684 2485 301 2029 425 1609 . 847 2671 932 1347 716 . 2246 Core 3081 | . 140 81 . . 430 82 308 34 186 71 189 . 64 336 177 374 68 . 541 Absorbed by Shields 763 | . . . . . . 196 128 . . . . . 88 152 199 . . . . Redirected to Shielding 264 | . . . . . . . . . . . . . . . . 19 94 . 151 Core Remaining (%) 45 | 100 . . . 11 21 . . . 12 . . . 61 66 . . . . . Volleys Fired 311 | 27 44 15 1 . 42 32 16 . 1 . 31 . 17 7 . 13 31 . 34 Largest 3 | 2 2 2 2 . 3 3 1 . 1 . 1 . 1 1 . 3 3 . 3 Hottest 216 | 40 40 70 70 . 189 99 33 . 33 . 46 . 46 7 . 110 168 . 216 Shots Fired 582 | 54 88 29 2 . 116 72 16 . 1 . 30 . 17 7 . 18 65 . 67 Gun 265 | 54 88 29 2 . 12 . 16 . 1 . 11 . . . . 4 10 . 38 Cannon 265 | . . . . . 102 72 . . . . . . . . . 11 52 . 28 Launcher 15 | . . . . . 2 . . . . . 8 . 2 . . 3 . . . Special 37 | . . . . . . . . . . . 11 . 15 7 . . 3 . 1 Kinetic 397 | 54 88 16 1 . 24 72 16 . 1 . 11 . . . . 15 57 . 42 Thermal 53 | . . 13 1 . 9 . . . . . . . . . . . 6 . 24 Explosive 15 | . . . . . 2 . . . . . 8 . 2 . . 3 . . . Electromagnetic 81 | . . . . . 81 . . . . . . . . . . . . . . Robot Hit Streak 21 | 8 19 17 . . 15 9 . . 2 . 21 . 13 16 . 6 12 . 8 Robot Miss Streak 6 | 3 3 2 . . 2 6 . . . . 1 . 1 2 . 2 5 . 3 Penetration Max 1 | . . . . . . . . . . . . . . . . 1 1 . 1 Secondary Targets 3 | . 3 . . . . . . . . . . . . . . . . . . Max Gunslinging Chain 1 | . 1 . . . . . . . . . . . . . . . . . . Shots Hit Robots 913 | 34 62 24 . . 107 40 111 22 101 4 99 . 30 77 85 34 36 . 47 Core Hits 418 | 15 28 7 . . 65 18 57 11 47 2 44 . 11 35 27 15 12 . 24 Critical Kills 9 | . . . . . . . . . . . . . . . . 1 5 . 3 Critical Parts Destroyed 12 | . . . . . 1 . . . . . . . . . . 1 8 . 2 Critical Strikes 96 | . . 1 . . 8 1 15 6 8 2 9 . 1 10 5 8 14 . 8 Burn 2 | . . 1 . . . . . . . . . . . . . . . . 1 Destroy 21 | . . . . . 1 . . . . . . . . . . 2 13 . 5 Blast 5 | . . . . . . 1 . . . . . . . . . 2 1 . 1 Corrupt 2 | . . . . . 2 . . . . . . . . . . . . . . Sever 61 | . . . . . . . 15 6 8 2 9 . 1 10 5 4 . . 1 Impale 5 | . . . . . 5 . . . . . . . . . . . . . . Melee Attacks 823 | . . . . . 45 . 188 27 162 8 114 . 39 91 113 28 . . 8 Impact . | . . . . . . . . . . . . . . . . . . . . Slashing 778 | . . . . . . . 188 27 162 8 114 . 39 91 113 28 . . 8 Piercing 45 | . . . . . 45 . . . . . . . . . . . . . . Sneak Attacks 46 | . . . . . 7 . 1 6 . . 1 . 5 6 19 . . . 1 Combat Hostiles 11 | . . . . . . . 1 2 . . 1 . 3 4 . . . . . Follow-up Attacks 150 | . . . . . 6 . 41 6 21 2 19 . 6 19 23 7 . . . Damage Inflicted 35320 | 277 498 240 . . 4195 899 5631 1135 5168 158 5160 . 1267 2628 3800 1605 1089 . 1570 Guns 2174 | 277 498 240 . . 93 . . . 28 . 45 . . . . 131 165 . 697 Cannons 4274 | . . . . . 1705 899 . . . . . . . . . 188 906 . 576 Explosions 3064 | . . . . . 1175 . . . . . 877 . 477 . . 535 . . . Melee 25790 | . . . . . 1222 . 5631 1135 5140 158 4238 . 790 2628 3800 751 . . 297 Ramming . | . . . . . . . . . . . . . . . . . . . . Kinetic 4339 | 277 498 103 . . 354 899 . . 28 . 45 . . . . 319 963 . 853 Thermal 1224 | . . 137 . . 541 . . . . . . . . . . . 126 . 420 Explosive 2598 | . . . . . 709 . . . . . 877 . 477 . . 535 . . . Electromagnetic 1369 | . . . . . 1369 . . . . . . . . . . . . . . Impact . | . . . . . . . . . . . . . . . . . . . . Slashing 24568 | . . . . . . . 5631 1135 5140 158 4238 . 790 2628 3800 751 . . 297 Piercing 1222 | . . . . . 1222 . . . . . . . . . . . . . . Highest Corruption 28 | . . . . . . . 1 1 2 . 5 5 5 3 10 10 10 . 28 Average Corruption 3 | . . . . . . . 1 1 1 . 4 5 5 1 7 10 10 . 20 Corruption Purged . | . . . . . . . . . . . . . . . . . . . . Corruption Blocked . | . . . . . . . . . . . . . . . . . . . . Effects 191 | . . . . . . . 17 7 25 . 44 10 35 6 11 34 1 . 1 Message Errors 50 | . . . . . . . 5 . 6 . 14 1 8 1 4 11 . . . Matter Fused 51 | . . . . . . . 4 3 7 . 11 4 7 1 2 11 1 . . Heat Flow Errors 11 | . . . . . . . 1 . 2 . 1 1 2 1 . 2 . . 1 Energy Discharges 28 | . . . . . . . 4 2 3 . 6 . 5 2 3 3 . . . Parts Rejected 2 | . . . . . . . . . . . . . . . 1 1 . . . Parts Fused 6 | . . . . . . . 1 . . . 2 1 2 . . . . . . Data Loss (minor) 33 | . . . . . . . 1 2 7 . 7 3 9 1 1 2 . . . Data Loss (major) 2 | . . . . . . . . . . . . . 1 . . 1 . . . Misfires 1 | . . . . . . . . . . . . . . . . 1 . . . Alerts 5 | . . . . . . . 1 . . . 2 . 1 . . 1 . . . Weapon Failures 2 | . . . . . . . . . . . 1 . . . . 1 . . . Overload Shots . | . . . . . . . . . . . . . . . . . . . . Overflow Damage 1438 | . . . . . 56 . 101 60 111 . 327 . 82 74 494 50 3 . 80 Projectiles 105 | . . . . . 7 . . . . . . . . . . 15 3 . 80 Explosions 108 | . . . . . 28 . . . . . 35 . 28 . . 17 . . . Melee 1225 | . . . . . 21 . 101 60 111 . 292 . 54 74 494 18 . . . Knockbacks 19 | . . . . . . 9 . . . . . . . . . 2 5 . 3 Impact . | . . . . . . . . . . . . . . . . . . . . Kinetic 19 | . . . . . . 9 . . . . . . . . . 2 5 . 3 Secondary . | . . . . . . . . . . . . . . . . . . . . Self-Inflicted Damage 194 | . . . . . 128 . . . . . . . . . . 66 . . . Shots 4 | . . . . . 3 . . . . . . . . . . 1 . . . Rammed . | . . . . . . . . . . . . . . . . . . . . Targets Rammed . | . . . . . . . . . . . . . . . . . . . . Kicked . | . . . . . . . . . . . . . . . . . . . . Crushed . | . . . . . . . . . . . . . . . . . . . . Highest Temperature 419 | . 50 32 10 . 334 296 173 . 233 . 150 252 268 266 . 233 372 . 419 Average Temperature 114 | . 20 10 7 . 118 116 70 . 93 . 36 136 116 88 . 86 174 . 142 Received Heat Transfer 4850 | . 294 114 . . 990 212 626 87 318 72 204 . 112 958 18 124 266 . 455 Effects 7 | . . . . . 1 1 . . . . . . . . . . 5 . . Shutdowns 1 | . . . . . . . . . . . . . . . . . 1 . . Energy Bleed 4 | . . . . . . 1 . . . . . . . . . . 3 . . Interference 1 | . . . . . 1 . . . . . . . . . . . . . . Matter Decay 1 | . . . . . . . . . . . . . . . . . 1 . . Siege Activations . | . . . . . . . . . . . . . . . . . . . . Martial Activations . | . . . . . . . . . . . . . . . . . . . . Shielding Activations . | . . . . . . . . . . . . . . . . . . . . Robots Disrupted . | . . . . . . . . . . . . . . . . . . . . Combat Hostiles . | . . . . . . . . . . . . . . . . . . . . Robots Corrupted 3 | . . . . . 3 . . . . . . . . . . . . . . Combat Hostiles 3 | . . . . . 3 . . . . . . . . . . . . . . Parts Fried 6 | . . . . . 6 . . . . . . . . . . . . . . Impact Corruptions . | . . . . . . . . . . . . . . . . . . . . Robots Melted . | . . . . . . . . . . . . . . . . . . . . Combat Hostiles . | . . . . . . . . . . . . . . . . . . . . Parts Melted 6 | . . 1 . . 1 . . . 1 . . . . . . . 2 . 1 Heat Transferred 2055 | . . 481 . . 723 . . . . . . . . . . . 185 . 666 Parts Sabotaged 11 | . . . . . . . . . . . . . . 7 . . . . 4 Parts Stolen . | . . . . . . . . . . . . . . . . . . . . Parts Stripped . | . . . . . . . . . . . . . . . . . . . . Power Chain Reactions 4 | . . . . . 4 . . . . . . . . . . . . . . Alert | -11 -10 -10 -10 -9 -8 -7 -7 -7 -7 -6 -6 -6 -6 -5 -4 -4 -4 -4 -3 ------- Run | Yrd Mat Min Exi Min Mat Fac Gar Fac Gar Fac Gar Fac Gar Fac Fac Upp Upp Zhi Pro Maximum Alert Level 5 | . . . . . 2 1 5 5 5 4 5 4 5 3 1 . . . . Low Security (%) 18 | 100 100 100 . 100 56 . . . . . . . . . 73 . . . . Level 1 6 | . . . . . 5 100 9 . . . . . . . 26 . . . . Level 2 7 | . . . . . 37 . 16 . . . . . . 13 . . . . . Level 3 19 | . . . . . . . 14 . 12 . 21 54 15 86 . . . . . Level 4 24 | . . . . . . . 20 97 31 100 34 45 57 . . . . . . Level 5 23 | . . . . . . . 39 2 55 . 44 . 26 . . . . . . High Security . | . . . . . . . . . . . . . . . . . . . . Max Security . | . . . . . . . . . . . . . . . . . . . . Peak Influence 3062 | 10 112 40 . . 633 394 3062 1607 2300 1207 2243 1177 1846 968 346 . . . . Initial 1607 | . . . . . . 267 271 1607 1005 1207 783 1177 714 968 346 . . . . Average 1066 | 2 28 7 . . 277 307 1464 1496 1659 1168 1545 1092 1381 768 145 . . . . Influence Increases 11413 | 35 291 50 . . 1166 331 2961 274 1525 32 1630 89 1402 516 416 200 225 . 270 Destroy 0b10 Robot/C 5140 | . 160 40 . . 640 180 720 180 720 20 620 40 560 440 220 180 180 . 240 Destroy 0b10 Robot/NC 375 | 35 20 . . . 75 5 40 20 30 . 35 . 5 10 85 . 5 . 10 Destroy Leader 630 | . 36 10 . . 172 42 30 40 40 10 40 20 30 60 70 20 10 . . Allied During Kill 443 | . . . . . . . 7 25 9 . 64 29 257 2 . . 30 . 20 Successful Hack 120 | . 15 . . . . 28 30 7 14 . 21 . . . 5 . . . . Select Force Hacks 60 | . 30 . . . 30 . . . . . . . . . . . . . . Disable Machine 30 | . . . . . . . . . . . 30 . . . . . . . . Anti-Garrison Action 3050 | . . . . . 150 . 1450 . 450 . 550 . 450 . . . . . . Destroy Structure 425 | . . . . . 24 1 129 2 67 2 165 . 25 4 6 . . . . Partial Spotted 30 | . . . . . . . . . . . . . . . 30 . . . . Lose Combat Pursuer 1110 | . 30 . . . 75 75 555 . 195 . 105 . 75 . . . . . . Influence Decreases 11413 | 35 291 30 20 . 577 532 287 1899 662 1213 506 1312 576 1654 969 355 225 . 270 Entered New Map 6445 | . . . 20 . . 322 117 1455 432 1093 336 1066 306 878 362 58 . . . Time Decay 3265 | 35 271 30 . . 407 170 . 334 . 120 . 246 . 556 486 287 185 . 138 Lost Part 943 | . 20 . . . 170 40 110 30 110 . 90 . 10 120 121 10 . . 112 Lost Ally 760 | . . . . . . . 60 80 120 . 80 . 260 100 . . 40 . 20 Squads Dispatched 31 | . 2 . . . 7 2 . 3 . 2 . 2 . 9 3 . . . 1 Investigation 6 | . 1 . . . 3 . . 1 . . . 1 . . . . . . . Extermination 6 | . . . . . . . . 1 . . . 1 . 2 2 . . . . Reinforcement 6 | . 1 . . . 1 1 . . . 2 . . . . 1 . . . . Assault 9 | . . . . . 2 . . 1 . . . . . 5 . . . . 1 Garrison 4 | . . . . . 1 1 . . . . . . . 2 . . . . . Intercept . | . . . . . . . . . . . . . . . . . . . . Searches Triggered . | . . . . . . . . . . . . . . . . . . . . Construction Impeded . | . . . . . . . . . . . . . . . . . . . . Haulers Reinforced 1 | . . . . . . 1 . . . . . . . . . . . . . Active Scanning Responses . | . . . . . . . . . . . . . . . . . . . . Cargo Convoy Interrupts . | . . . . . . . . . . . . . . . . . . . . Stealth | -11 -10 -10 -10 -9 -8 -7 -7 -7 -7 -6 -6 -6 -6 -5 -4 -4 -4 -4 -3 --------- Run | Yrd Mat Min Exi Min Mat Fac Gar Fac Gar Fac Gar Fac Gar Fac Fac Upp Upp Zhi Pro Distress Signals 9 | . 1 . . . . . 4 . . . . . . . 4 . . . . Communications Jammed . | . . . . . . . . . . . . . . . . . . . . Distress Signals . | . . . . . . . . . . . . . . . . . . . . Times Spotted 383 | . 16 2 . . 48 12 65 9 45 10 38 1 40 35 24 10 11 . 17 Peak Tracking Total 9 | . 5 2 . . 9 7 8 5 8 7 7 1 8 7 5 5 5 . 7 Tactical Retreats 41 | . 1 . . . 3 2 19 . 7 . 7 . 2 . . . . . . Traps | -11 -10 -10 -10 -9 -8 -7 -7 -7 -7 -6 -6 -6 -6 -5 -4 -4 -4 -4 -3 ------- Run | Yrd Mat Min Exi Min Mat Fac Gar Fac Gar Fac Gar Fac Gar Fac Fac Upp Upp Zhi Pro Traps Triggered 16 | . . . . . 1 . 7 1 1 . 4 1 1 . . . . . . Indirectly . | . . . . . . . . . . . . . . . . . . . . Trap Hack Attempts . | . . . . . . . . . . . . . . . . . . . . Triggered . | . . . . . . . . . . . . . . . . . . . . Disarmed . | . . . . . . . . . . . . . . . . . . . . Reprogrammed . | . . . . . . . . . . . . . . . . . . . . Reused . | . . . . . . . . . . . . . . . . . . . . Traps Extracted . | . . . . . . . . . . . . . . . . . . . . Installed . | . . . . . . . . . . . . . . . . . . . . Triggered . | . . . . . . . . . . . . . . . . . . . . Machines | -11 -10 -10 -10 -9 -8 -7 -7 -7 -7 -6 -6 -6 -6 -5 -4 -4 -4 -4 -3 ---------- Run | Yrd Mat Min Exi Min Mat Fac Gar Fac Gar Fac Gar Fac Gar Fac Fac Upp Upp Zhi Pro Machines Disabled 28 | . . . . . 1 . 10 . 3 . 8 . 5 . . 1 . . . Max in Single Turn 2 | . . . . . 1 . 2 . 1 . 2 . 1 . . 1 . . . Garrison Access 2 | . . . . . 1 . . . . . . . . 1 . . . . . Garrison Relay 18 | . . . . . . . 6 . 3 . 4 . 5 . . . . . . Phase Generator 2 | . . . . . . . 1 . . . 1 . . . . . . . . Machines Repaired . | . . . . . . . . . . . . . . . . . . . . Machines Dismantled . | . . . . . . . . . . . . . . . . . . . . Machines Sabotaged . | . . . . . . . . . . . . . . . . . . . . Overloaded Fab Kills . | . . . . . . . . . . . . . . . . . . . . Hacking | -11 -10 -10 -10 -9 -8 -7 -7 -7 -7 -6 -6 -6 -6 -5 -4 -4 -4 -4 -3 --------- Run | Yrd Mat Min Exi Min Mat Fac Gar Fac Gar Fac Gar Fac Gar Fac Fac Upp Upp Zhi Pro Machines Accessed 44 | . 6 . 4 . 4 2 4 3 3 1 4 2 3 . 1 2 . 5 . Terminals 26 | . 5 . . . 3 1 4 1 3 . 4 . 3 . 1 1 . . . Fabricators 2 | . . . . . . . . 1 . . . 1 . . . . . . . Repair Stations . | . . . . . . . . . . . . . . . . . . . . Recycling Units 2 | . 1 . . . 1 . . . . . . . . . . . . . . Scanalyzers . | . . . . . . . . . . . . . . . . . . . . Garrison Access 4 | . . . . . . 1 . 1 . 1 . 1 . . . . . . . Total Hacks 101 | . 21 . 4 . 6 4 6 11 3 1 9 7 7 . 2 2 . 18 . Successful 60 | . 8 . 4 . 1 2 2 10 2 1 2 7 . . 1 2 . 18 . Failed 41 | . 13 . . . 5 2 4 1 1 . 7 . 7 . 1 . . . . Catastrophic 9 | . 1 . . . 1 1 2 . . . 2 . 2 . . . . . . Database Lockouts . | . . . . . . . . . . . . . . . . . . . . Manual 29 | . 16 . . . 7 . . 2 . . . . . . 4 . . . . Terminals 57 | . 20 . . . 4 3 6 2 3 . 9 . 7 . 2 1 . . . Fabricators 14 | . . . . . . . . 8 . . . 6 . . . . . . . Repair Stations . | . . . . . . . . . . . . . . . . . . . . Recycling Units 3 | . 1 . . . 2 . . . . . . . . . . . . . . Scanalyzers . | . . . . . . . . . . . . . . . . . . . . Garrison Access 4 | . . . . . . 1 . 1 . 1 . 1 . . . . . . . Terminal Hacks 37 | . 4 . 4 . . 1 2 1 2 . 2 . . . 1 2 . 18 . Record 11 | . . . 4 . . . . . . . . . . . . 1 . 6 . Part Schematic 4 | . . . . . . . . . . . . . . . . . . 4 . Robot Schematic 1 | . . . . . . . . 1 . . . . . . . . . . . Robot Analysis 5 | . 1 . . . . . . . . . . . . . . . . 4 . Prototype ID Bank 5 | . 1 . . . . . . . . . . . . . . . . 4 . Open Door 3 | . . . . . . . . . 1 . 1 . . . . 1 . . . Open DSF 1 | . . . . . . . . . . . . . . . 1 . . . . Emergency Access Points 3 | . 1 . . . . . 1 . . . 1 . . . . . . . . Zone Layout 2 | . 1 . . . . 1 . . . . . . . . . . . . . Garrison Registry 1 | . . . . . . . . . 1 . . . . . . . . . . Security Stations 1 | . . . . . . . 1 . . . . . . . . . . . . Fabricator Hacks 14 | . . . . . . . . 8 . . . 6 . . . . . . . Load Schematic 7 | . . . . . . . . 4 . . . 3 . . . . . . . Build 7 | . . . . . . . . 4 . . . 3 . . . . . . . Repair Station Hacks . | . . . . . . . . . . . . . . . . . . . . Recycling Unit Hacks . | . . . . . . . . . . . . . . . . . . . . Scanalyzer . | . . . . . . . . . . . . . . . . . . . . Garrison Access Hacks 4 | . . . . . . 1 . 1 . 1 . 1 . . . . . . . Unlock Access 4 | . . . . . . 1 . 1 . 1 . 1 . . . . . . . Unauthorized Hacks 5 | . 4 . . . 1 . . . . . . . . . . . . . . Terminals 3 | . 3 . . . . . . . . . . . . . . . . . . Assimilate 1 | . 1 . . . . . . . . . . . . . . . . . . Botnet 2 | . 2 . . . . . . . . . . . . . . . . . . Fabricators . | . . . . . . . . . . . . . . . . . . . . Repair Stations . | . . . . . . . . . . . . . . . . . . . . Recycling Units 2 | . 1 . . . 1 . . . . . . . . . . . . . . Tunnel 2 | . 1 . . . 1 . . . . . . . . . . . . . . Scanalyzers . | . . . . . . . . . . . . . . . . . . . . Garrison Access . | . . . . . . . . . . . . . . . . . . . . Data Cores Recovered 1 | . . . . . 1 . . . . . . . . . . . . . . Used . | . . . . . . . . . . . . . . . . . . . . Hacking Detections 28 | . 5 . . . 4 2 3 2 3 . 4 1 3 . 1 . . . . Full Trace Events 7 | . 1 . . . 1 . 1 . . . 2 . 2 . . . . . . Feedback Events . | . . . . . . . . . . . . . . . . . . . . Feedback Blocked . | . . . . . . . . . . . . . . . . . . . . Robot Schematics Acquired 1 | . . . . . . . . 1 . . . . . . . . . . . Robots Built 14 | . . . . . . . . 8 . . . 6 . . . . . . . Authchips 7 | . . . . . . . . 4 . . . 3 . . . . . . . Time 343 | . . . . . . . . 196 . . . 147 . . . . . . . Total Robot Build Rating 28 | . . . . . . . . 16 . . . 12 . . . . . . . Part Schematics Acquired 4 | . . . . . . . . . . . . . . . . . . 4 . Parts Built . | . . . . . . . . . . . . . . . . . . . . Authchips . | . . . . . . . . . . . . . . . . . . . . Time . | . . . . . . . . . . . . . . . . . . . . Total Part Build Rating . | . . . . . . . . . . . . . . . . . . . . Parts Repaired . | . . . . . . . . . . . . . . . . . . . . Time . | . . . . . . . . . . . . . . . . . . . . Parts Recycled . | . . . . . . . . . . . . . . . . . . . . Recycled Matter . | . . . . . . . . . . . . . . . . . . . . Retrieved Matter . | . . . . . . . . . . . . . . . . . . . . Retrieved Components . | . . . . . . . . . . . . . . . . . . . . Parts Scanalyzed . | . . . . . . . . . . . . . . . . . . . . Part Schematics Acquired . | . . . . . . . . . . . . . . . . . . . . Parts Damaged . | . . . . . . . . . . . . . . . . . . . . Bothacking | -11 -10 -10 -10 -9 -8 -7 -7 -7 -7 -6 -6 -6 -6 -5 -4 -4 -4 -4 -3 ------------ Run | Yrd Mat Min Exi Min Mat Fac Gar Fac Gar Fac Gar Fac Gar Fac Fac Upp Upp Zhi Pro Used RIF Installer 4 | . . . . . . . 1 . 1 . 1 . 1 . . . . . . Watcher Feeds 1 | . . . . . . . . . . . 1 . . . . . . . . Structural Interface 1 | . . . . . . . . . . . . . 1 . . . . . . Program Shield 1 | . . . . . . . . . 1 . . . . . . . . . . Robots Hacked 15 | . . . . . . . . . . . 1 . 9 4 . . 1 . . Non-combat . | . . . . . . . . . . . . . . . . . . . . Combat 15 | . . . . . . . . . . . 1 . 9 4 . . 1 . . Robot Hacks Applied 15 | . . . . . . . . . . . 1 . 9 4 . . 1 . . disable_weapons 1 | . . . . . . . . . . . . . 1 . . . . . . overwrite_iff 5 | . . . . . . . . . . . . . 2 3 . . . . . formatsys_high 9 | . . . . . . . . . . . 1 . 6 1 . . 1 . . Relay Couplers Released 82 | . . . . . 3 . 30 . 11 . 14 . 23 1 . . . . . Machine Destruction 78 | . . . . . 3 . 26 . 11 . 14 . 23 1 . . . . . Programmers 4 | . . . . . . . 4 . . . . . . . . . . . . Attached 12 | . . . . . . . 2 . . . 2 . 6 1 . . 1 . . Fabnet Peak Effective % . | . . . . . . . . . . . . . . . . . . . . Robots Rewired 13 | . . . . . . . 3 . . . 4 . 2 . . 3 1 . . Allies Hacked 1 | . . . . . . . . . . . . . 1 . . . . . . Hacks Repelled . | . . . . . . . . . . . . . . . . . . . . Allies | -11 -10 -10 -10 -9 -8 -7 -7 -7 -7 -6 -6 -6 -6 -5 -4 -4 -4 -4 -3 -------- Run | Yrd Mat Min Exi Min Mat Fac Gar Fac Gar Fac Gar Fac Gar Fac Fac Upp Upp Zhi Pro Total Allies 45 | . . . . . . . 3 8 2 . 7 6 10 4 . 3 2 . . Largest Group 11 | . . . . . . . 3 6 4 . 4 9 11 3 . 3 3 1 1 Highest-Rated Group 340 | . . . . . . . 101 90 64 . 185 275 340 71 . 137 137 49 49 Highest-Rated Ally 80 | . . . . . . . 39 15 39 . 80 80 80 47 . 48 49 49 49 Total Orders . | . . . . . . . . . . . . . . . . . . . . Ally Attacks 217 | . . . . . . . 11 21 21 . 43 7 69 11 . . 23 . 11 Total Damage 5912 | . . . . . . . 170 451 366 . 1268 198 1921 285 . . 800 . 453 Kills 50 | . . . . . . . 3 5 3 . 8 2 19 1 . . 5 . 4 Allies Corrupted 1 | . . . . . . . . . 1 . . . . . . . . . . Allies Melted . | . . . . . . . . . . . . . . . . . . . . Intel | -11 -10 -10 -10 -9 -8 -7 -7 -7 -7 -6 -6 -6 -6 -5 -4 -4 -4 -4 -3 ------- Run | Yrd Mat Min Exi Min Mat Fac Gar Fac Gar Fac Gar Fac Gar Fac Fac Upp Upp Zhi Pro Active Infowar (turns) 6064 | 60 861 113 . . 401 341 1952 . . . . . . 271 1178 855 . 32 . Terrain 544 | 60 83 . . . 401 . . . . . . . . . . . . . . Structural 5520 | . 778 113 . . . 341 1952 . . . . . . 271 1178 855 . 32 . Robot Analysis Total 5 | . 1 . . . . . . . . . . . . . . . . 4 . Derelict Logs Recovered 4 | . . . . . . . . . . . . . . . . 2 2 . . Drone Launches . | . . . . . . . . . . . . . . . . . . . . Drone Recoveries . | . . . . . . . . . . . . . . . . . . . . Exploration | -11 -10 -10 -10 -9 -8 -7 -7 -7 -7 -6 -6 -6 -6 -5 -4 -4 -4 -4 -3 ------------- Run | Yrd Mat Min Exi Min Mat Fac Gar Fac Gar Fac Gar Fac Gar Fac Fac Upp Upp Zhi Pro Turns Passed 20015 | 210 862 208 790 58 1287 341 3257 757 2194 242 1930 525 1412 1634 1272 1118 1097 228 593 Spaces Moved 8925 | 112 335 96 511 42 611 176 1581 287 904 131 828 136 646 372 495 626 626 164 246 Core 20 | 14 . . . . . . . . . . . . . . . . . . 6 Treads 4331 | . 175 . . . . . 1064 287 904 131 828 136 646 131 . . . . 29 Legs 493 | . . . . . . . 493 . . . . . . . . . . . . Wheels 4081 | 98 160 96 511 42 611 176 24 . . . . . . 241 495 626 626 164 211 Hover . | . . . . . . . . . . . . . . . . . . . . Flight . | . . . . . . . . . . . . . . . . . . . . Fastest Speed 50 | 50 100 115 130 130 105 110 125 160 160 160 160 160 160 145 115 115 131 131 116 Average Speed 152 | 93 173 159 153 130 122 126 155 160 160 160 160 160 160 188 149 132 147 131 178 Slowest Speed 1450 | 100 240 175 175 130 215 155 250 160 240 160 160 160 160 240 165 165 165 131 1450 Overloaded Moves . | . . . . . . . . . . . . . . . . . . . . Propulsion Burnouts . | . . . . . . . . . . . . . . . . . . . . Robots Hopped 1 | . . . . . . . . . . . . . 1 . . . . . . Potential Cave-ins 1 | . . . . . . . . . . . . . . 1 . . . . . Cave-ins Triggered . | . . . . . . . . . . . . . . . . . . . . Exploration Rate (%) 44 | 7 57 16 91 25 55 6 99 9 77 8 82 6 94 6 17 76 71 62 29 Regions Visited 19 Branch Regions 7 Pre-discovered Areas 5 | . 1 . . . 1 . . . . . . . . . . . . 3 . Known Exits Taken 4 | . . . . . . 1 . 1 . 1 . 1 . . . . . . . Unknown Exits Taken 11 | 1 1 1 1 1 1 . . . . . . . . 1 1 1 1 1 . Scrap Searched 8 | . . 1 . . . . . . . . . . . . . 3 4 . . Spaces Dug 23 | . . . . . . . . 2 7 2 1 . 5 2 3 1 . . . Terrain Destroyed 371 | . . . . . 20 . 158 2 7 2 92 . 9 2 3 45 19 . 12 Melee 23 | . . . . . . . . 2 7 2 1 . 5 2 3 1 . . . Projectile 34 | . . . . . . . . . . . . . . . . 3 19 . 12 AOE 314 | . . . . . 20 . 158 . . . 91 . 4 . . 41 . . . Terrain Rammed . | . . . . . . . . . . . . . . . . . . . . Walls Destroyed . | . . . . . . . . . . . . . . . . . . . . Machines Disabled . | . . . . . . . . . . . . . . . . . . . . Actions | -11 -10 -10 -10 -9 -8 -7 -7 -7 -7 -6 -6 -6 -6 -5 -4 -4 -4 -4 -3 --------- Run | Yrd Mat Min Exi Min Mat Fac Gar Fac Gar Fac Gar Fac Gar Fac Fac Upp Upp Zhi Pro Total 14037 | 174 546 126 515 45 1003 237 2186 555 1489 153 1286 442 966 1216 969 873 738 176 342 Wait 3400 | 11 148 4 . 4 191 11 291 230 405 14 282 301 212 723 345 152 50 . 26 Move 8908 | 111 334 95 510 41 610 176 1580 287 903 131 827 136 643 371 494 625 625 163 246 Hop 1 | . . . . . . . . . . . . . 1 . . . . . . Pick Up 269 | 15 10 8 2 . 46 9 47 7 27 1 7 2 15 22 24 9 5 1 12 Fast Attach 72 | 3 1 . . . 7 . 15 2 . 1 18 . 2 1 1 10 5 6 . Attach 145 | 3 3 2 1 . 23 6 10 7 11 1 6 2 7 23 14 9 3 . 14 Detach 5 | . . . . . . . . . . . 2 . 2 . . 1 . . . Swap 90 | . 2 1 1 . 19 1 16 1 3 . 10 1 16 4 4 2 6 1 2 Drop 173 | 4 4 1 . . 30 2 61 2 15 . 17 . 11 1 9 4 7 5 . Fire 311 | 27 44 15 1 . 42 32 16 . 1 . 31 . 17 7 . 13 31 . 34 Melee 593 | . . . . . 35 . 127 19 124 5 85 . 27 64 78 21 . . 8 Ram . | . . . . . . . . . . . . . . . . . . . . Kick . | . . . . . . . . . . . . . . . . . . . . Crush . | . . . . . . . . . . . . . . . . . . . . Escape Stasis . | . . . . . . . . . . . . . . . . . . . . Rewire 70 | . . . . . . . 23 . . . 1 . 13 . . 27 6 . . Trap . | . . . . . . . . . . . . . . . . . . . . Miscellaneous . | . . . . . . . . . . . . . . . . . . . . Route ------- -11/Scrapyard -10/Materials (discovered 2 exits: [*Mat] / [*Min]) -10/Mines (discovered 3 exits: [*Mat] / *Exi / [*Sub]) -10/Exiles -9/Mines -8/Materials -7/Factory -7/Garrison (discovered 3 exits: *Fac x3) -7/Factory -7/Garrison (discovered 3 exits: *Fac x3) -6/Factory -6/Garrison (discovered 2 exits: *Fac x2) -6/Factory (discovered 2 exits: [*Fac] / Gar) -6/Garrison (discovered 3 exits: [*Fac x3]) -5/Factory -4/Factory (discovered 2 exits: *Upp x2) -4/Upper Caves -4/Upper Caves (discovered 2 exits: [*Res] / *Zhi) -4/Zhirov -3/Proximity Caves History --------- Turn | Location | Event 23 | -11/Scrapyard | Discovered new exit (range 15) 211 | -11/Scrapyard | Entered Materials 320 | -10/Materials | Build established: Mutant 383 | -10/Materials | Discovered new exit (range 16) 791 | -10/Materials | Discovered new exit (range 7) 802 | -10/Materials | Core integrity fell below 50% 1073 | -10/Materials | Entered Mines 1095 | -10/Mines | Found DCF Scrap (13 items) 1139 | -10/Mines | Discovered new exit (range 14) 1144 | -10/Mines | Discovered new exit (range 10) 1233 | -10/Mines | Core integrity fell below 20% 1246 | -10/Mines | Lost 3 parts (1p1u1w) 1272 | -10/Mines | Deemed a non-threat by the Exiles lab entrance 1274 | -10/Mines | Discovered new exit (range 5) 1281 | -10/Mines | Entered Exiles 1281 | -10/Exiles | Found Exiles lab abandoned 2051 | -10/Exiles | Discovered new exit (range 14) 2071 | -10/Exiles | Entered Mines 2085 | -9/Mines | Met a Derelict bent on vengeance 2118 | -9/Mines | Discovered new exit (range 8) 2129 | -9/Mines | Entered Materials 2129 | -8/Materials | Evolved 4 slots: Propulsion x2, Utility x1, Weapon x1 2813 | -8/Materials | Build established: Scavenger-Gunner 2843 | -8/Materials | Garrison activated, responded to threat 3019 | -8/Materials | Core integrity fell below 50% 3079 | -8/Materials | Destroyed 10 combat bots 3084 | -8/Materials | Lost 12 parts (1p6n1u4w) 3357 | -8/Materials | Discovered new exit (range 15) 3416 | -8/Materials | Entered Factory 3416 | -7/Factory | Evolved 2 slots: Utility x2 3572 | -7/Factory | Build established: Scavenger-Tank 3700 | -7/Factory | Garrison activated, responded to threat 3757 | -7/Factory | Identified exit to Garrison 3757 | -7/Factory | Entered Garrison 4159 | -7/Garrison | Build established: Scavenger-Gladiator 4401 | -7/Garrison | Triggered checkpoint 4476 | -7/Garrison | Garrison Relay disabled 4547 | -7/Garrison | Build established: Gladiator 4649 | -7/Garrison | Phase Generator disabled 4872 | -7/Garrison | Discovered new exit (range 14) 4884 | -7/Garrison | Installed Relay Interface Framework 5017 | -7/Garrison | Triggered checkpoint 5036 | -7/Garrison | Garrison Relay disabled 5119 | -7/Garrison | Triggered checkpoint 5363 | -7/Garrison | Build established: Scavenger-Gladiator 5491 | -7/Garrison | Triggered checkpoint 5511 | -7/Garrison | Triggered checkpoint 5799 | -7/Garrison | Discovered new exit (range 11) 5835 | -7/Garrison | Triggered checkpoint 5902 | -7/Garrison | Garrison Relay disabled 6169 | -7/Garrison | Triggered checkpoint 6200 | -7/Garrison | Core integrity fell below 50% 6448 | -7/Garrison | Discovered new exit (range 16) 6613 | -7/Garrison | Spotted B-75 Beast 6654 | -7/Garrison | Destroyed B-75 Beast 6697 | -7/Garrison | Garrison Relay disabled 6777 | -7/Garrison | Garrison Relay disabled 6907 | -7/Garrison | Triggered checkpoint 6915 | -7/Garrison | Garrison Relay disabled 6937 | -7/Garrison | Learned Factory security intel 7014 | -7/Garrison | Entered Factory 7410 | -7/Factory | Lost 3 parts (1p1n1u) 7414 | -7/Factory | First assault squad dispatched 7475 | -7/Factory | Fabricated Y-45 Defender (x2) 7540 | -7/Factory | Fabricated Y-45 Defender (x2) 7589 | -7/Factory | Fabricated Y-45 Defender (x2) 7651 | -7/Factory | Fabricated Y-45 Defender (x2) 7658 | -7/Factory | Lost 4 allies 7771 | -7/Factory | Identified exit to Garrison 7771 | -7/Factory | Entered Garrison 7771 | -7/Garrison | Accompanied by 4 allies 7799 | -7/Garrison | Garrison Relay disabled 7829 | -7/Garrison | Triggered checkpoint 8000 | -7/Garrison | Garrison Relay disabled 8082 | -7/Garrison | Lost 3 allies 8509 | -7/Garrison | Triggered checkpoint 8784 | -7/Garrison | Discovered new exit (range 55) 8784 | -7/Garrison | Discovered new exit (range 19) 8784 | -7/Garrison | Discovered new exit (range 46) 8909 | -7/Garrison | Core integrity fell below 20% 8968 | -7/Garrison | Rescued a captive Derelict 8969 | -7/Garrison | Lost 4 parts (1p1n2u) 8976 | -7/Garrison | Rescued a captive Derelict 9457 | -7/Garrison | Build established: Bothacker-Gladiator 9485 | -7/Garrison | Triggered checkpoint 9512 | -7/Garrison | Garrison Relay disabled 9677 | -7/Garrison | Triggered checkpoint 9797 | -7/Garrison | Expanded RIF knowledge: Program Shield 9965 | -7/Garrison | Entered Factory 9965 | -6/Factory | Evolved 2 slots: Power x1, Utility x1 10207 | -6/Factory | Identified exit to Garrison 10207 | -6/Factory | Entered Garrison 10266 | -6/Garrison | Build established: Scavenger-Gladiator 10318 | -6/Garrison | Lost 4 parts (1p2u1w) 10332 | -6/Garrison | Garrison Relay disabled 10339 | -6/Garrison | Garrison Relay disabled 10955 | -6/Garrison | Lost 3 allies 11156 | -6/Garrison | Triggered checkpoint 11189 | -6/Garrison | Destroyed 8 combat bots 11217 | -6/Garrison | Found embedded Infiltrators 11226 | -6/Garrison | Build established: Bothacker-Gladiator 11312 | -6/Garrison | Discovered new exit (range 5) 11341 | -6/Garrison | Triggered checkpoint 11422 | -6/Garrison | Garrison Relay disabled 11557 | -6/Garrison | Triggered checkpoint 11721 | -6/Garrison | Phase Generator disabled 11743 | -6/Garrison | Garrison Relay disabled 11784 | -6/Garrison | Expanded RIF knowledge: Watcher Feeds 11795 | -6/Garrison | Discovered new exit (range 3) 11891 | -6/Garrison | Triggered checkpoint 12137 | -6/Garrison | Entered Factory 12137 | -6/Factory | Accompanied by 3 allies 12203 | -6/Factory | Discovered new exit (range 10) 12303 | -6/Factory | Fabricated Y-45 Defender (x2) 12353 | -6/Factory | Fabricated Y-45 Defender (x2) 12403 | -6/Factory | Fabricated Y-45 Defender (x2) 12661 | -6/Factory | Identified exit to Garrison 12662 | -6/Factory | Entered Garrison 12662 | -6/Garrison | Accompanied by 9 allies 12759 | -6/Garrison | Garrison Relay disabled 12839 | -6/Garrison | Lost 3 allies 12870 | -6/Garrison | Triggered checkpoint 12924 | -6/Garrison | Lost 6 allies 12990 | -6/Garrison | Discovered new exit (range 8) 13084 | -6/Garrison | Garrison Relay disabled 13319 | -6/Garrison | Expanded RIF knowledge: Structural Interface 13332 | -6/Garrison | Discovered new exit (range 5) 13509 | -6/Garrison | Garrison Relay disabled 13637 | -6/Garrison | Build established: Botlord-Gladiator 13694 | -6/Garrison | Triggered checkpoint 13700 | -6/Garrison | Garrison Relay disabled 13910 | -6/Garrison | Triggered checkpoint 13974 | -6/Garrison | Garrison Relay disabled 14028 | -6/Garrison | Discovered new exit (range 10) 14074 | -6/Garrison | Entered Factory 14074 | -5/Factory | Accompanied by 3 allies 14074 | -5/Factory | Evolved 2 slots: Power x1, Utility x1 14168 | -5/Factory | Lost 3 allies 14302 | -5/Factory | Lost 7 parts (1p2n4u) 14374 | -5/Factory | First assault squad dispatched 14492 | -5/Factory | Discovered new exit (range 11) 15708 | -5/Factory | Entered another Factory area 15708 | -4/Factory | Evolved 2 slots: Utility x2 15831 | -4/Factory | Discovered new exit (range 6) 16790 | -4/Factory | Lost 4 parts (1p1n2u) 16834 | -4/Factory | System corruption reached 10% 16864 | -4/Factory | Lost 5 parts (1p2n2u) 16932 | -4/Factory | Discovered new exit (range 12) 16980 | -4/Factory | Entered Upper Caves 16984 | -4/Upper Caves | Encountered a Warlord checkpoint 17414 | -4/Upper Caves | Lost 12 parts (2p4n3u3w) 17679 | -4/Upper Caves | Build established: Botlord-Mutant 17977 | -4/Upper Caves | Discovered new exit (range 5) 18001 | -4/Upper Caves | Attacked by a delusional Derelict stockpiling Unaware 18073 | -4/Upper Caves | Build established: Botlord-Gunner 18098 | -4/Upper Caves | Entered another Upper Caves area 18098 | -4/Upper Caves | Accompanied by 3 allies 18100 | -4/Upper Caves | Attracted the attention of an 0b10 outpost 18137 | -4/Upper Caves | Discovered new exit (range 13) 18372 | -4/Upper Caves | Core integrity fell below 50% 18569 | -4/Upper Caves | Learned Research stockpile data 18747 | -4/Upper Caves | Learned Research terminal intel 18780 | -4/Upper Caves | Attracted the attention of an 0b10 checkpoint 18886 | -4/Upper Caves | Attacked by a delusional Derelict stockpiling parts 19065 | -4/Upper Caves | Discovered new exit (range 10) 19195 | -4/Upper Caves | Entered Zhirov 19195 | -4/Zhirov | Accompanied by 1 ally 19195 | -4/Zhirov | Discovered new exit (range 3) 19219 | -4/Zhirov | Met Zhirov 19252 | -4/Zhirov | Learned location of Quarantine (-2) 19252 | -4/Zhirov | Learned location of Command (-1) 19271 | -4/Zhirov | Zhirov requested help retrieving the SGEMP Prototype 19293 | -4/Zhirov | Found Alien Artifact 19293 | -4/Zhirov | Identified Integrated Dissipator 19293 | -4/Zhirov | Installed Integrated Dissipator, increased core heat dissipation (+20) 19317 | -4/Zhirov | Found Alien Artifact 19423 | -4/Zhirov | Entered Proximity Caves 19423 | -3/Proximity Caves | Accompanied by 1 ally 19526 | -3/Proximity Caves | Lost 3 parts (1p2w) 19775 | -3/Proximity Caves | Attracted the attention of an 0b10 outpost 19833 | -3/Proximity Caves | Core integrity fell below 20% 19872 | -3/Proximity Caves | Lost 13 parts (3p3n4u3w) 20016 | -3/Proximity Caves | Destroyed by G-67 Veteran with Plasma Rifle Last Messages --------------- 20007_ Slug penetrates B-74 Champion. 20009_ L-61 Swordsman suffers critical hit (Destroy). 20009_ Destroyed Lgt. Antimatter Reactor. 20010_ Imp. System Guard destroyed. 20011_ Slug penetrates L-61 Swordsman. 20011_ KE Penetrator destroyed. 20011_ Med. Treads destroyed. 20011_ Adv. Target Analyzer destroyed. 20011_ Imp. Target Analyzer destroyed. 20011_ System corrupted by crushing effect (+2). 20011_ System corrupted by crushing effect (+3). 20011_ System corrupted by crushing effect (+4). 20011_ Knocked back. 20012_ System corrupted: Heat flow error (+153). 20013_ Power Sword destroyed. 20014_ Adv. Target Analyzer destroyed. 20014_ Huge Storage Unit destroyed. 20014_ System corrupted by crushing effect (+5). 20014_ System corrupted by crushing effect (+4). Map ----- +----------------------------------------------------+ | ?????????????????????????????????????????????????? | | ?????????????????????????????????????????????????? | | ?????????????????????????????????????????????????? | | ?????????????????????????????????????????????????? | | ???????####??????????????????????????????????????? | | ?????###""#???????????????????????##?????????????? | | ????## % "#??????????????????????# #?????????????? | | ???## ##????????????????????# #??????????????? | | ???#" % % #????????############ #???????????????? | | ???## #????????# % "#????????????????? | | ????## % #????????# #"### ##????????????????? | | ????### / #????????# #" " % #?????????????????? | | ?#### ## #????????# #"% +%%" ##????????????????? | | ## # ##?####??# #" ##"# ##???????????????? | | # ### ### ##? #" "# #???????????????? | | # #?# #b "# ##??????????????? | | ### #Y "# % #??????????????? | | # ## ##;+#### ##?????????????? | | ### #### % ##????????????? | | ??## ##??# ## #????????????? | | ???## ###?#### ### #????????????? | | ????# # ##### #### "#??###????????????? | | ????## # ## #?# !!! ##"#?????????????????? | | ?????## # #?## !!|!!####?????????????????? | | ??????# # ####?# !%bl=!##???????????????????? | | ??????# # ###??# g!=@!!!#???????????????????? | | ??????# # #### g!#!####???????????????????? | | ??????# ## %####??????????????????????? | | ??????? ### "#?????????????????????????? | | ???????? ??# #### #?????????????????????????? | | ???????????## #?# #?????????????????????????? | | ????????????### ## #?????????????????????????? | | ??????????????## ?????????????????????????? | | ???????????????# ????????????????????????? | | ???????????????# ???????????????????????? | | ???????????????## ??????????????????????? | | ?????????????????# #?????????????????????? | | ??????????????????# ?????????????????????? | | ??????????????????## #????????????????????? | | ???????????????????## ##????????????????????? | | ?????????????????????## ###?????????????????????? | | ??????????????????????? #???????????????????????? | | ??????????????????????? ?????????????????????????? | | ?????????????????????????????????????????????????? | | ?????????????????????????????????????????????????? | | ?????????????????????????????????????????????????? | | ?????????????????????????????????????????????????? | | ?????????????????????????????????????????????????? | | ?????????????????????????????????????????????????? | | ?????????????????????????????????????????????????? | +----------------------------------------------------+ Best States ------------- Heat Dissipation 94 Energy Generation 53 Energy Capacity 970 Matter Stores 300 Matter Capacity 300 Sight Range 16 Terrain Scan Range 16 Terrain Scan Density 85 Additional Mass Support 12 Corruption Containment 12 Armor Coverage 375 Propulsion Shielding 90 Melee Speed Boost 40 Phase Shifting 15 Evasion (%) 55 Targeting Accuracy 10 Melee Accuracy 12 Target Analysis 12 Recoil Reduction 4 Matter Filtering 50 Particle Charging 15 Force Boost 20 Relay Coupler Types 2 Relay Coupler Value 50 Authchip Count 5 Item Schematics ----------------- Assault Drone Bay | -4/Zhirov | Free Exp. Heat Sink | -4/Zhirov | Free Exp. Optical Array | -4/Zhirov | Free Imp. Arc Thrower | -4/Zhirov | Free Robot Schematics ------------------ Y-45 Defender | -7/Factory | Hacked Fabricated ------------ Y-45 Defender | x2 | -7/Factory | Authchip Y-45 Defender | x2 | -7/Factory | Authchip Y-45 Defender | x2 | -7/Factory | Authchip Y-45 Defender | x2 | -7/Factory | Authchip Y-45 Defender | x2 | -6/Factory | Authchip Y-45 Defender | x2 | -6/Factory | Authchip Y-45 Defender | x2 | -6/Factory | Authchip Repaired ---------- Nothing Alien Tech Used ----------------- Integrated Dissipator Achievements -------------- War Machine Challenges ------------ None Game ------ Seed ThiefSuspensionNukerbomber Manual? 0 Play Time 02:33:56 Cumulative 97.2 hours Start 2025.05.16 @ 08:29:58 End 2025.05.31 @ 19:32:29 Sessions 5 Manual Loads 0 Difficulty Rogue Special Mode None Game No. 117 Rogue 117 Adventurer 0 Explorer 0 Win Type - Total 2 Types 2/0/0/0/0/0/0/0/0/0 Lore% 64 Gallery% 55 Achievement% 53 Wizard Run 0 Options --------- Layout 2 ASCII 0 Keyboard 0 Movement Mouse Keybinds 0 Fullscreen 1 Font 32/SmallcapsGlow Map View 50x44 Zoom Use 0% Tactical HUD 1 Map Filters NONE Filters NONE Steam 1 RUN: 08a3e75e-0c77-4229-8d85-9be300c1907c